 Dungeon Crawl Stone Soup version 0.27.1-33-g824d729ab1 (webtiles) character file.

Game seed: 13045740742842367012

72 SensoryNuts the Skirmisher (level 4, -2/49 HPs)
             Began as an Ogre Monk on Dec 10, 2021.
             Killed by nerve-wracking pain
             ... invoked by Grinder
              (3 damage)
             ... while paralysed by Grinder
             ... on level 3 of the Dungeon.
             The game lasted 00:02:58 (2581 turns).

SensoryNuts the Skirmisher (Ogre Monk)              Turns: 2581, Time: 00:02:59

Health: -2/49      AC:  3    Str: 16    XL:     4   Next: 25%
Magic:  4/4        EV:  1    Int: 11    God:
Gold:   116        SH:  0    Dex: 11    Spells: 3/3 levels left

rFire    . . .     SeeInvis .   k - +1 dagger (venom)
rCold    . . .     Faith    .   (no shield)
rNeg     . . .     Spirit   .   b - +0 robe
rPois    .         Reflect  .   (helmet restricted)
rElec    .         Harm     .   (no cloak)
rCorr    .         Rampage  .   (gloves unavailable)
Will     .....                  (boots unavailable)
Stlth    ++........             (no amulet)
HPRegen  0.16/turn              (no ring)
MPRegen  0.09/turn              (no ring)

@: paralysed, on berserk cooldown, very slightly contaminated, slowed, invisible
A: large, unfitting armour, tough skin 1
a: no special abilities


You were on level 3 of the Dungeon.
You visited 1 branch of the dungeon, and saw 3 of its levels.

You collected 116 gold pieces.

Inventory:

Hand Weapons
 a - a +0 spear
 g - a +1 dagger of draining
 k - a +1 dagger of venom (weapon)
Armour
 b - a +0 robe (worn)
Scrolls
 c - 3 scrolls of identify {unknown}
 d - a scroll of fear {unknown}
 e - 3 scrolls of teleportation {unknown}
Potions
 h - a potion of berserk rage
 i - a potion of curing {unknown}
 j - a potion of lignification {unknown}


   Skills:
 + Level 4.6 Fighting
 + Level 3.8 Polearms
 + Level 3.2 Dodging
 + Level 1.9 Stealth


You had 3 spell levels left.
You didn't know any spells.
Your spell library contained the following spells:

 Spells                   Type           Power      Damage    Failure   Level
 Slow                     Hex            0%         N/A       47%         2
 Confusing Touch          Hex            0%         N/A       71%         3
 Yara's Violent Unravell  Hex/Tmut       0%         3d3       100%        5


Dungeon Overview and Level Annotations

Branches:
Dungeon (3/15)

Altars:
Makhleb
Sif Muna

Shops:
D:3 =

Annotations:
D:3 Grinder


Innate Abilities, Weirdness & Mutations

You are too large for most types of armour.
You have tough skin. (AC +1)


Message History

You closely miss Grinder.
Grinder is lightly wounded.
You hit Grinder.
Grinder is moderately wounded.
Grinder hits you but does no damage.
You barely miss Grinder.
Grinder is moderately wounded.
You hit Grinder.
Grinder is moderately wounded.
Grinder hits you.
You writhe in agony.
You hit Grinder.
Grinder is moderately wounded.
Grinder hits you.
You hit Grinder.
Grinder is heavily wounded.
You puncture Grinder!
Grinder is severely wounded.
Grinder says, "Don't move a muscle."
Grinder hits you.
You writhe in agony.
* * * LOW HITPOINT WARNING * * *
You puncture Grinder!
Grinder is almost dead.
You are no longer berserk.
You are exhausted.
You feel yourself slow down. Grinder closely misses you.
You hit Grinder.
Grinder is almost dead.
Grinder gestures at you.
You suddenly lose the ability to move!
Grinder hits you.
* * * LOW HITPOINT WARNING * * *
You writhe in agony.
* * * LOW HITPOINT WARNING * * *
Grinder hits you.
* * * LOW HITPOINT WARNING * * *
You writhe in agony.
* * * LOW HITPOINT WARNING * * *
Grinder gestures at you. Pain shoots through your body!
You die...

#># #.# ##+# #.# ##.#
##...# #.# ...#
#....$# ##.# #.#.#
.......## ##..# #....
........####...## ...#
......5@'.......####
...#
...................#
.#.###.#
..........♣♣♣......#
.......# #..)..##.♣#
#♣..##.# .#######
##...# #.♣ ♣...#.#
.### ##+# #.♣ #♣.....#
...# ### #.#
#..♣♣♣..#.### .#.#
##.###.# #.......#.#
.#.#
##...##.#########.##.#


You could see Grinder.

Vanquished Creatures
  2 adders (D:2)
  A worm (D:3)
  5 endoplasms
  2 giant cockroaches
  10 goblins
  2 hobgoblins
  3 jackals (D:1)
  2 quokkas (D:1)
  4 ball pythons
  6 bats
  2 frilled lizards (D:1)
  4 kobolds
  A rat (D:2)
44 creatures vanquished.

Notes
Turn   | Place    | Note
-------+----------+-------------------------------------------
     0 | D:1      | SensoryNuts the Ogre Monk began the quest for the Orb.
     0 | D:1      | Reached XP level 1. HP: 24/24 MP: 1/1
   130 | D:1      | Found a faded altar of an unknown god.
   216 | D:1      | Reached XP level 2. HP: 25/32 MP: 2/2
   956 | D:1      | Reached XP level 3. HP: 32/40 MP: 3/3
  1206 | D:2      | Found a burning altar of Makhleb.
  1789 | D:2      | Reached XP level 4. HP: 45/49 MP: 4/4
  1872 | D:3      | Found a shimmering blue altar of Sif Muna.
  2277 | D:3      | Found Zutas's Jewellery Shop.
  2555 | D:3      | Noticed Grinder
  2578 | D:3      | Paralysed by Grinder for 4 turns
  2580 | D:3      | HP: 1/49 [Grinder (2)]
  2581 | D:3      | Killed from afar by Grinder

Illustrated notes

Levels and vault maps discovered:
D:1:      minmay_arrival_hallway, layout_basic, ebering_ecumenical_altar_rust
D:2:      layout_loops_cross, basic_altar
D:3:      layout_loops_corners, chequers_temple_overflow_minitemple,
          old_standard_altar, serial_shops,
          nicolae_shop_temple_entry_statues_fountains, minmay_stone_trees_small,
          minmay_misc_feat_chi, uniq_grinder

Skill      XL: |  1  2 |
---------------+-------+-----
Dodging        | 3 |  3.2
Fighting       | |  4.6
Polearms       | |  3.8
Stealth        | |  1.9

Action                   |  1- 3 |  4- 6 || total
-------------------------+-------+-------++-------
Melee: Spear             |   122 |       ||   122
       Dagger            |    15 |    41 ||    56
  Use: Potion            |       |     2 ||     2
 Stab: Sleeping          |     4 |     1 ||     5
Armor: Robe              |    34 |     7 ||    41
Dodge: Dodged            |    57 |    10 ||    67
